[Event "German Bundesliga 2024-25"]
[Site "Germany"]
[Date "2024.10.06"]
[Round "2.1"]
[White "Tabatabaei, M. Amin"]
[Black "Bluebaum, Matthias"]
[Result "1/2-1/2"]
[Annotator "TA"]
[ECO "C55"]
[WhiteElo "2702"]
[BlackElo "2646"]
[PlyCount "85"]
[EventDate "2024.09.27"]
[EventType "team-tourn"]
[EventCountry "GER"]
[SourceTitle "playchess.com"]
[Source "ChessBase"]
[SourceQuality "1"]
[WhiteTeam "Bayern Muenchen"]
[BlackTeam "Deizisau"]
[TimeControl "40/5400+30:1800+30"]

1. e4 e5 2. Nf3 Nc6 3. Bc4 Nf6 4. d3 Be7 5. O-O O-O 6. Nc3 d6 {[%emt 0:00:05] The position is equal.} 7. a4 Bg4 8. h3 Bxf3 9. Qxf3 Nd4 {[%emt 0:00:02][%csl LRc2,LRf3] Against Ne2} 10. Qd1 c6 11. Ba2 Ne6 12. Be3 Qc7 {[%emt 0:07:26] [#]} 13. a5 $1 b6 14. axb6 axb6 15. Bxe6 fxe6 16. Ne2 d5 17. Ng3 Qb7 18. b3 Rxa1 19. Qxa1 Bd6 20. Qd1 Ra8 21. exd5 exd5 22. Nf5 Qd7 23. Nxd6 Qxd6 24. f4 (24. Bxb6 $2 {perishes.} c5 25. Bxc5 Qxc5 $19) 24... d4 25. fxe5 Qxe5 26. Bf2 c5 27. Qf3 Qd5 28. Qf4 Rf8 29. Bg3 Nd7 30. Qc7 Rxf1+ 31. Kxf1 $11 {[%emt 0:00:05][%mdl 4096] Endgame. KQB-KQN} h6 32. Kg1 Qe6 33. Bd6 Nf6 34. Be5 Nd7 35. Bd6 Nf6 36. Be5 Nd7 37. Qc8+ Kf7 38. Bc7 Qc6 39. Qd8 Nf6 40. Bd6 (40. Bxb6 Nd5 41. Ba5 Ne3 42. Qc7+ Qxc7 43. Bxc7 Ke6 $19) 40... Nd5 41. Qf8+ Kg6 {[%emt 0:00:01] [#] And now ...Ne3 would win.} 42. Be5 Qd7 43. Qf3 {[%emt 0:09:23] Not much happened in this game.   Weighted Error Value: White=0.02 (flawless) /Black=0.01 (flawless) .  OK:         	White=16    	Black=20     Best:        	White=1     	---} 1/2-1/2

[Event "German Bundesliga 2024-25"]
[Site "Germany"]
[Date "2024.10.06"]
[Round "2.1"]
[White "Nguyen, Thai Dai Van"]
[Black "Socko, Bartosz"]
[Result "1/2-1/2"]
[Annotator "TA"]
[ECO "B10"]
[WhiteElo "2663"]
[BlackElo "2554"]
[PlyCount "111"]
[EventDate "2024.09.27"]
[EventType "team-tourn"]
[EventCountry "GER"]
[SourceTitle "playchess.com"]
[Source "ChessBase"]
[SourceQuality "1"]
[WhiteTeam "TU Dresden"]
[BlackTeam "St. Pauli"]
[TimeControl "40/5400+30:1800+30"]

1. e4 c6 2. Nf3 d5 3. d3 dxe4 4. dxe4 Qxd1+ 5. Kxd1 Bg4 6. Nbd2 Nd7 7. Be2 Bxf3 8. Nxf3 e5 9. Nd2 Bc5 10. f3 Be3 11. a4 Ngf6 12. c3 Rd8 13. Kc2 Ke7 14. b3 Nc5 {[%emt 0:00:24] [#] Threatens to win with ...Bxd2.} 15. Rd1 {[%emt 0:00:53] Strongly threatening Ba3.} Bxd2 16. Bxd2 Ne6 17. Be3 a6 18. b4 Rxd1 19. Rxd1 Rd8 20. Rb1 Ne8 21. Bb6 Rd7 22. g3 Nd6 23. Bd3 f6 24. h4 Nc8 25. Be3 Nd6 26. Bb6 Nc8 27. Be3 Nd6 $1 28. f4 exf4 29. gxf4 b5 30. axb5 axb5 31. Rg1 {[%emt 0:02:22] f5 is the strong threat.} Ke8 32. f5 Nd8 33. Bf4 {[%emt 0:05:34] White is more active.} Nc4 34. Ra1 {[%emt 0:02:23] Inhibits Na3+.} Ne5 35. Be2 Ndf7 36. Ra8+ Ke7 37. Rg8 g6 38. fxg6 hxg6 {[%emt 0:01:07] The position is equal.} 39. h5 gxh5 40. Bxh5 Nd6 41. Bxe5 fxe5 $11 {[%emt 0:00:10][%mdl 4096] Endgame. KRB-KRN} 42. Bg4 {[%emt 0:01:01] [#] Rg7+ would now be deadly.} Rd8 43. Rg7+ Kf6 44. Rc7 Nxe4 45. Bf3 Nd6 46. Rxc6 Kf5 47. Be2 Kf4 48. Rb6 e4 49. Bxb5 Nxb5 50. Rxb5 {[%emt 0:00:03] KR-KR} e3 51. Rb7 e2 52. Re7 Kf3 53. Rf7+ Ke3 54. Re7+ Kf3 55. Rf7+ Ke3 {[%emt 0:00:03] ( -> ...Re8)} 56. Re7+ {[%emt 0:00:05] Weighted Error Value: White=0.09 (flawless) /Black=0.07 (flawless) .  Inaccurate:     	White=5     	Black=6      OK:         	White=22    	Black=19     Best:        	White=1     	Black=4      Strong:       	---       	Black=1} 1/2-1/2

[Event "German Bundesliga 2024-25"]
[Site "Germany"]
[Date "2024.10.06"]
[Round "2.1"]
[White "Svane, Frederik"]
[Black "Aravindh, Chithambaram VR."]
[Result "1/2-1/2"]
[Annotator "TA"]
[ECO "C24"]
[WhiteElo "2655"]
[BlackElo "2698"]
[PlyCount "68"]
[EventDate "2024.09.27"]
[EventType "team-tourn"]
[EventCountry "GER"]
[SourceTitle "playchess.com"]
[Source "ChessBase"]
[SourceQuality "1"]
[WhiteTeam "Hamburg"]
[BlackTeam "Viernheim"]
[TimeControl "40/5400+30:1800+30"]

1. e4 e5 2. Nf3 Nc6 3. Bc4 Nf6 4. d3 d5 5. exd5 Nxd5 6. O-O Bg4 7. Nbd2 f6 8. a4 a6 9. a5 (9. h3 $11 Bf5 10. Ne4) 9... Qd7 $15 10. h3 Be6 11. Ne4 O-O-O 12. Re1 Bg8 13. Bd2 (13. c3 $11) 13... f5 (13... Ndb4 $15 14. b3 Be7) 14. Ng3 $1 $11 {[%cal Oc4b3] Threatening Bb3!} Bd6 15. Bb3 $1 Nde7 16. Ba4 {[%emt 0:05:30][%cal Of3e5] White is more active.} e4 17. dxe4 {[%emt 0:01:07] Threatens to win with Bg5.} Bxg3 18. fxg3 fxe4 19. Rxe4 {[%emt 0:00:10] And now c4 would win.} Bd5 20. Rd4 ({Better is} 20. Ne5 $16 Qd6 21. Nxc6 Nxc6 22. Qg4+ Kb8 23. Re2) 20... Bxf3 21. Rxd7 Bxd1 22. Rxd8+ Rxd8 23. Rxd1 Nxa5 24. c3 $1 b5 25. Bc2 Nc4 26. Bc1 Rxd1+ 27. Bxd1 {[%emt 0:00:07][%mdl 4096] Endgame. KBB-KNN} Kd7 28. Kf2 Nd5 29. Kf3 c5 30. Ke4 Nf6+ 31. Kf5 Nd6+ 32. Ke5 Nc4+ 33. Kf5 Nd6+ 34. Ke5 Nc4+ {[%emt 0:00:06] Weighted Error Value: White=0.14 (very precise) /Black=0.10 (very precise) .  Mistake:       	White=3     	Black=1      Inaccurate:     	---       	Black=2      OK:         	White=13    	Black=16     Best:        	---       	Black=2      Strong:       	White=3     	---} 1/2-1/2

[Event "German Bundesliga 2024-25"]
[Site "Germany"]
[Date "2024.09.29"]
[Round "2.1"]
[White "Beerdsen, Thomas"]
[Black "Warmerdam, Max"]
[Result "1/2-1/2"]
[Annotator "TA"]
[ECO "B93"]
[WhiteElo "2509"]
[BlackElo "2679"]
[PlyCount "74"]
[EventDate "2024.09.27"]
[EventType "team-tourn"]
[EventCountry "GER"]
[SourceTitle "playchess.com"]
[Source "ChessBase"]
[SourceQuality "1"]
[WhiteTeam "SV Muelheim Nord"]
[BlackTeam "SG Solingen"]
[TimeControl "40/5400+30:1800+30"]

1. e4 c5 2. Nf3 d6 3. d4 cxd4 4. Nxd4 Nf6 5. Nc3 a6 6. f4 e5 7. Nf5 Nc6 8. Bc4 Be6 9. Bb3 g6 10. fxe5 Nxe5 11. Nd4 Bxb3 12. axb3 Bg7 13. Bg5 h6 14. Bh4 O-O (14... Ned7 $11 {remains equal.}) 15. O-O $1 $16 Ned7 16. Qf3 {[%emt 0:21:30] White has more active pieces.} (16. Nd5 $16) 16... Qc7 17. Kh1 Rae8 18. Rad1 b5 19. Bg3 b4 20. Nd5 Qc5 21. Nxf6+ Nxf6 22. Rfe1 d5 $36 {[%emt 0:01:09][%mdl 2048] Black has some pressure.} 23. exd5 Nxd5 24. Rxe8 (24. Ne2 {keeps more tension.} Ne3 25. Bd6 Qxc2 26. Rc1) 24... Rxe8 25. Bf2 Nf6 26. Bg1 Qc8 27. Nc6 Qb7 ({Better is} 27... Ne4 $15 28. Nd4 (28. Nxb4 a5 $15) 28... a5) 28. Rd4 (28. Na5 $11 Qc7 29. Nc4) 28... Re1 $1 $17 29. Rxb4 (29. c3 $17) 29... Qd7 $19 30. Nd4 Rb1 $2 (30... Bf8 $19 31. Rc4 Ne4) 31. Ra4 (31. c3 $11 {keeps the balance.}) 31... Qe7 $17 32. Rxa6 $2 {[%emt 0:01:46] [#]} (32. Qa8+ $17 {was necessary.} Kh7 33. Nf3) 32... Rxg1+ $2 33. Kxg1 $11 {[%emt 0:00:05] Hoping for Ra1. The position is equal.} Qe1+ 34. Qf1 Qe3+ 35. Qf2 Qc1+ 36. Qf1 Qe3+ 37. Qf2 Qc1+ {[%emt 0:00:11] Weighted Error Value: White=0.35/Black=0.33.  Loses game:     	White=1     	---        Missed win:     	---       	Black=2      Mistake:       	White=4     	Black=2      Inaccurate:     	White=2     	Black=2      OK:         	White=12    	Black=12     Best:        	White=3     	Black=4      Strong:       	White=1     	Black=1} 1/2-1/2

[Event "German Bundesliga 2024-25"]
[Site "Germany"]
[Date "2024.10.06"]
[Round "2.2"]
[White "Anton Guijarro, David"]
[Black "Svane, Rasmus"]
[Result "1/2-1/2"]
[Annotator "TA"]
[ECO "C42"]
[WhiteElo "2667"]
[BlackElo "2629"]
[PlyCount "148"]
[EventDate "2024.09.27"]
[EventType "team-tourn"]
[EventCountry "GER"]
[SourceTitle "playchess.com"]
[Source "ChessBase"]
[SourceQuality "1"]
[WhiteTeam "Viernheim"]
[BlackTeam "Hamburg"]
[TimeControl "40/5400+30:1800+30"]

1. e4 e5 2. Nf3 Nf6 3. Nxe5 d6 4. Nf3 Nxe4 5. d4 d5 6. Bd3 Bf5 7. O-O Be7 8. Re1 O-O 9. Nbd2 Nd6 10. Nf1 $1 Bxd3 11. Qxd3 c6 12. Bf4 Na6 13. Re2 Nc7 14. Rae1 Ne6 15. Bxd6 Bxd6 16. g3 {Dodges Nf4} Qf6 17. Ne5 Bxe5 18. Rxe5 Rae8 19. h4 Qd8 20. h5 Nc7 21. Nh2 f6 22. R5e3 Qd7 23. h6 g6 24. Qa3 {[%cal Oe3e7] aiming for Re7!} Nb5 25. Qb4 {Hoping for Rxe8.} Kf7 26. a4 (26. Ng4 $11 Rxe3 (26... Qxg4 27. Re7+ Kg8 28. Rxe8 c5 29. Qxb5) 27. Nxe3) 26... Nd6 (26... Rxe3 $15 27. Rxe3 Nd6) 27. Qc5 (27. Rxe8 $11 Rxe8 28. Rxe8 Kxe8 29. Ng4) 27... a6 (27... Rxe3 $17 28. Rxe3 b6) 28. a5 Nf5 (28... Rxe3 {simplifies} 29. Rxe3 g5 30. Re1 Rd8) 29. Rxe8 Rxe8 30. Rxe8 Kxe8 $17 {[%mdl 4096] Endgame. KQN-KQN} (30... Qxe8 $17 31. Qb4 Qe7) 31. Ng4 $11 Kf7 32. Qa7 $1 Qc8 33. Kh2 (33. Qb6 $1 $11) 33... g5 $1 $17 34. Kh3 $2 (34. b3 $17 {is a better chance.}) 34... Kg6 $2 (34... Nxh6 $19 {is more deadly.} 35. f3 Nf5) 35. Qc5 $2 (35. Kh2 $17) 35... Qe8 $2 (35... Nxh6 $19 {and Black stays clearly on top.} 36. f3 Nxg4 37. fxg4 h5) 36. b3 Nxh6 (36... Qe6 $19 37. Qf8 Nxd4) 37. Nxh6 $15 Kxh6 $19 {[%emt 0:08:08] KQ-KQ} 38. Qd6 Kg6 39. Qc7 $2 (39. g4 $17 {was called for.}) 39... Qe4 $1 40. Kh2 {[%emt 0:00:30] Repels Qh1+} Qxc2 ({Black should try} 40... Qxd4 $19 41. Kg2 Qe4+ 42. Kf1 Qxc2 43. Qxb7 Qd3+ 44. Ke1 Qc3+ 45. Kf1 Qxa5) 41. Kg2 $17 Qxb3 ({Black should play} 41... Qe4+ $17 42. Kg1 Qe1+ (42... Qxd4 43. Qxb7 Qa1+ 44. Kg2 $17) 43. Kg2 Qe4+ 44. Kg1 Qxd4 45. Qxb7 Qa1+ 46. Kg2 Qxa5 47. Qxc6 Qb5 48. Qc2+ Kg7 49. Qc7+ Kf8 50. Qxh7 d4 (50... Qxb3 51. g4 $17)) 42. Qc8 $2 (42. Qd7 $1 $11 {and White has nothing to worry.}) 42... Qb4 $1 $19 43. Qg8+ Kh6 44. Qf7 Qxd4 {[%emt 0:00:30] White must now prevent ...Qe4+.} (44... Qxa5 45. Qxf6+ Kh5 46. g4+ (46. Qf7+ Kh6 47. Qf6+ Kh5 48. g4+ Kh4 49. Qf7 Kxg4 50. Qf3+ Kh4 51. Qh3#) 46... Kh4 47. Qf7 Kxg4 48. Qf3+ Kh4 49. Qh3#) 45. Qf8+ Kg6 $1 46. Qe8+ (46. Qg8+ $142 Kf5 (46... Kh6 $2 47. Qf8+ Kg6 48. Qg8+ Kf5 49. Qxh7+ Ke6 50. Qxb7 $17) 47. Qxh7+ Ke6 48. Qxb7) 46... Kh6 $2 (46... Kf5 $19 {...Qe4+ would now be deadly.} 47. Qd7+ Ke4 48. Qxh7+ f5) 47. Qf8+ $11 Kg6 $2 (47... Kh5 $11 48. Qe8+ Kh6 49. Qf8+) 48. Qe8+ $1 $19 Kf5 $1 {[%emt 0:00:30] Threatens to win with ...Qe4+.} 49. Qd7+ {[%emt 0:00:30] [#]} Ke4 $1 50. Qxh7+ f5 {[%emt 0:00:30] ...g4 is the strong threat.} 51. g4 Qf6 52. Qxb7 {[%emt 0:00:30] [#]} fxg4 $2 (52... f4 $1 $19 {[%cal Rf4f3] Strongly threatening ...f3+.} 53. Qb1+ Ke5 54. Qe1+ Kd6 55. Qb4+ Ke6) 53. Qxa6 $11 {[%emt 0:00:30] The position is equal.} Qf3+ 54. Kg1 g3 55. Qb6 Qd1+ 56. Kg2 Qf3+ 57. Kg1 $1 {[%emt 0:00:30] Qe3+ would kill now.} gxf2+ 58. Qxf2 Qd1+ 59. Kh2 Qa4 60. Qe2+ Kf4 61. Qf2+ Ke5 62. Qb6 Qc2+ 63. Kg3 Qd3+ 64. Kf2 Qd2+ 65. Kg3 Qe1+ 66. Kg2 Qe4+ 67. Kg1 Qe1+ (67... Qd4+ 68. Qxd4+ Kxd4 69. a6 g4 70. a7 Ke4 71. a8=Q (71. a8=B $2 c5 $19) 71... c5 72. Kf2) 68. Kg2 Qe4+ 69. Kg1 Qg4+ (69... Qd4+ 70. Qxd4+ Kxd4 71. a6 Ke4 72. a7 g4 73. a8=Q (73. a8=B c5 $19) 73... c5 74. Qc8) 70. Kf2 Qf5+ (70... Qd4+ 71. Qxd4+ Kxd4 72. a6 Ke4 73. a7 g4 74. a8=Q (74. a8=B $2 c5 $19) 74... c5 75. Qg8 g3+ 76. Qxg3 (76. Kxg3 Ke5 77. Qe8+ Kf5 78. Qc6 Ke5 79. Qxc5 Ke4 80. Kf2 Ke5)) 71. Kg1 Qg4+ 72. Kf2 Qf4+ (72... Qd4+ 73. Qxd4+ Kxd4 74. a6 Ke4 75. a7 g4 76. a8=Q (76. a8=B $2 {perishes.} c5 $19) 76... c5 77. Qg8 g3+ 78. Qxg3 (78. Kxg3 Ke5 79. Kf3 c4 80. Qg5+ Kd6 81. Ke3 Kc5 82. Qe7+ Kc6)) 73. Kg2 {[%emt 0:00:30] White wants to mate with Qb8+.} Qd2+ 74. Kg3 Qd3+ {[%emt 0:00:30] Weighted Error Value: White=0.45/Black=0.36.  Loses game:     	White=4     	---        Missed win:     	---       	Black=4      Mistake:       	White=4     	Black=7      Inaccurate:     	White=2     	Black=1      OK:         	White=28    	Black=12     Best:        	White=6     	Black=3      Strong:       	White=4     	Black=6} 1/2-1/2

[Event "German Bundesliga 2024-25"]
[Site "Germany"]
[Date "2024.10.06"]
[Round "2.2"]
[White "Gledura, Benjamin"]
[Black "Fedoseev, Vladimir"]
[Result "1-0"]
[Annotator "TA"]
[ECO "D24"]
[WhiteElo "2639"]
[BlackElo "2698"]
[PlyCount "99"]
[EventDate "2024.09.27"]
[EventType "team-tourn"]
[EventCountry "GER"]
[SourceTitle "playchess.com"]
[Source "ChessBase"]
[SourceQuality "1"]
[WhiteTeam "Deizisau"]
[BlackTeam "Bayern Muenchen"]
[TimeControl "40/5400+30:1800+30"]

1. d4 d5 2. c4 dxc4 3. Nf3 c5 4. d5 e6 5. Nc3 Nf6 6. e4 Nxe4 7. Nxe4 exd5 8. Nc3 {[%emt 0:03:43] White is much more active. Excellent horsemanship.} Be6 9. Ng5 $1 Nc6 10. Nxe6 {[%emt 0:00:31] White is better.} fxe6 11. g3 {[%emt 0:01:17] Threatens to win with Bh3.} Qf6 12. Bg2 Be7 13. O-O Rd8 14. Bd2 O-O 15. b3 $1 cxb3 16. axb3 Qf7 17. f4 Bf6 18. Rc1 b6 19. Kh1 Nd4 20. Ne2 Nf5 21. Ng1 c4 22. bxc4 $16 dxc4 23. Rxc4 (23. Qe1 $16) 23... b5 $2 ({Black should play} 23... Ne3 $14 24. Bxe3 Rxd1 25. Rxd1 b5) 24. Rc6 $2 (24. Re4 $1 $18) 24... Qd7 {[%emt 0:03:54] [#]} ({Better is} 24... Ne3 $14 25. Bxe3 Rxd1 26. Rxd1 a5) 25. Qe1 $1 $18 {[%emt 0:02:36] Ba5 is the strong threat.} Nd4 26. Rc3 b4 27. Rd3 a5 28. g4 Qf7 (28... Qb5 $16 29. Qe4 Qc6 30. Rxd4 (30. Qxc6 Nxc6 31. Rxd8 Rxd8 $16) 30... Qxe4 31. Rxe4 Rxd2 32. Rxe6 (32. Nf3 Rd6 $16) 32... a4) 29. Qd1 Qg6 (29... Qc7 $142) 30. Bc1 Nb5 31. f5 exf5 32. gxf5 (32. Rxf5 Nc3 33. Qf1 Rde8 34. Rxa5 Qxg4) 32... Qe8 33. Ne2 {[%emt 0:01:01][%cal Bg1e2,Be2f4,Bf4g6][%mdl 32] Nf4 would now be deadly.} Kh8 $2 {[%emt 0:02:49] [#]} (33... Nc3 $16 34. Nxc3 Bxc3) 34. Nf4 $1 Rxd3 35. Qxd3 {[%emt 0:00:08][%cal Of4g6] Hoping for Ng6+!} (35. Nxd3 Nc3 36. Qg4 Qe2 $16) 35... Nc3 36. Bb2 {[%emt 0:04:03] aiming for Bxc3.} Qb5 {[%emt 0:00:07] [#]} 37. Ng6+ $1 Kg8 $2 (37... hxg6 38. Qh3+ Bh4 (38... Kg8 39. fxg6 Re8 40. Qh7+ Kf8 41. Rxf6+ Ke7 42. Qxg7+ Kd8 43. Rd6+ Kc8 44. Rc6+)) 38. Qxb5 {[%emt 0:00:31] White is clearly winning.} Nxb5 39. Bd5+ Rf7 40. Bxf6 gxf6 41. Rg1 Nc3 42. Ne5+ Kf8 43. Bxf7 fxe5 44. Bc4 {[%emt 0:00:21] White threatens f6 and mate.} Ne4 {[%emt 0:00:41] [#]} 45. f6 $1 Nxf6 46. Ra1 Ne4 47. Rxa5 Nd2 48. Bd5 e4 49. Kg2 e3 50. Rb5 {[%emt 0:01:29] Weighted Error Value: White=0.19 (very precise) /Black=0.29 (precise) .  Loses game:     	---       	Black=1      Missed win:     	White=1     	---        Mistake:       	White=1     	Black=6      Inaccurate:     	White=2     	Black=2      OK:         	White=13    	Black=11     Best:        	White=1     	---        Strong:       	White=5     	---} 1-0

[Event "German Bundesliga 2024-25"]
[Site "Germany"]
[Date "2024.10.06"]
[Round "2.2"]
[White "Janik, Igor"]
[Black "Bartel, Mateusz"]
[Result "1/2-1/2"]
[Annotator "TA"]
[ECO "A07"]
[WhiteElo "2501"]
[BlackElo "2608"]
[PlyCount "69"]
[EventDate "2024.09.27"]
[EventType "team-tourn"]
[EventCountry "GER"]
[SourceTitle "playchess.com"]
[Source "ChessBase"]
[SourceQuality "1"]
[WhiteTeam "St. Pauli"]
[BlackTeam "TU Dresden"]
[TimeControl "40/5400+30:1800+30"]

1. Nf3 d5 2. g3 b6 3. Bg2 Bb7 4. b3 Nf6 5. Bb2 e6 6. c4 dxc4 7. bxc4 c5 8. Qa4+ Bc6 9. Qb3 Be7 10. d3 O-O 11. O-O Bb7 12. Bc3 Nc6 13. Qb2 Qd7 14. Nbd2 Rfd8 15. a4 Qc7 16. Rfb1 Nb4 {[%emt 0:01:19] [#]} 17. a5 $1 Ne8 18. Nb3 Bf6 19. Bxf6 Nxf6 20. axb6 axb6 21. Nc1 Nd7 22. Na2 Nxa2 23. Rxa2 Rxa2 24. Qxa2 Ra8 25. Qb2 Ra5 26. Qd2 h6 {[%emt 0:01:51] The position is equal.} 27. Qe3 Ra2 28. h3 Bc6 29. Re1 Qa7 30. Nd2 Bxg2 31. Kxg2 Qa5 32. Nf3 b5 33. cxb5 Qxb5 34. Kf1 c4 35. dxc4 {[%emt 0:00:07] Weighted Error Value: White=0.03 (flawless) /Black=0.03 (flawless) .  OK:         	White=13    	Black=11     Best:        	White=1     	---} 1/2-1/2

[Event "German Bundesliga 2024-25"]
[Site "Germany"]
[Date "2024.10.06"]
[Round "2.3"]
[White "Santos Latasa, Jaime"]
[Black "Banusz, Tamas"]
[Result "1/2-1/2"]
[Annotator "TA"]
[ECO "B30"]
[WhiteElo "2621"]
[BlackElo "2591"]
[PlyCount "63"]
[EventDate "2024.09.27"]
[EventType "team-tourn"]
[EventCountry "GER"]
[SourceTitle "playchess.com"]
[Source "ChessBase"]
[SourceQuality "1"]
[WhiteTeam "Bayern Muenchen"]
[BlackTeam "Deizisau"]
[TimeControl "40/5400+30:1800+30"]

1. e4 c5 2. Nf3 Nc6 3. Nc3 Nf6 4. Bb5 Qc7 5. O-O Nd4 6. Re1 e5 7. d3 Be7 8. Bg5 {[%emt 0:00:32] White is slightly better.} Nxb5 9. Nxb5 Qc6 10. Nc3 (10. Nxe5 Qxb5 11. Nc4 O-O $17) 10... d6 11. Bxf6 Bxf6 12. Nd5 Bd8 13. c4 O-O 14. Qd2 Kh8 15. h3 f5 16. exf5 Bxf5 17. Qe2 Qe8 (17... Rb8 $15 {might be stronger.}) 18. Ne3 (18. d4 $1 $11) 18... Bd7 19. Nd2 Qg6 20. Kh1 Rf4 (20... Ba5 $15) 21. Ne4 $11 Ba5 22. Rf1 Raf8 23. f3 Bd8 24. a3 Rh4 {[%emt 0:09:43][%cal Od7h3] Hoping for ...Bxh3!} 25. Ng4 (25. Kh2 {keeps more tension.} b6 26. b4 Kg8 27. Ng4) 25... h5 26. Ngf2 Rhf4 27. b3 Qh6 {[%emt 0:04:19] The position is equal.} 28. Nc3 g5 29. Nd5 R4f7 30. Kg1 Kg7 31. Ne3 Qg6 32. Ne4 {[%emt 0:00:42] Weighted Error Value: White=0.07 (flawless) /Black=0.08 (flawless) .  Mistake:       	White=1     	Black=2      Inaccurate:     	---       	Black=1      OK:         	White=13    	Black=8} 1/2-1/2

[Event "German Bundesliga 2024-25"]
[Site "Germany"]
[Date "2024.10.06"]
[Round "2.3"]
[White "Huschenbeth, Niclas"]
[Black "Korobov, Anton"]
[Result "1/2-1/2"]
[Annotator "TA"]
[ECO "C11"]
[WhiteElo "2600"]
[BlackElo "2660"]
[PlyCount "80"]
[EventDate "2024.09.27"]
[EventType "team-tourn"]
[EventCountry "GER"]
[SourceTitle "playchess.com"]
[Source "ChessBase"]
[SourceQuality "1"]
[WhiteTeam "Hamburg"]
[BlackTeam "Viernheim"]
[TimeControl "40/5400+30:1800+30"]

1. e4 e6 2. d4 d5 3. Nc3 Nf6 4. e5 Nfd7 5. f4 c5 6. Nf3 Nc6 7. Be3 a6 8. Ne2 Be7 9. c3 O-O 10. dxc5 {[%emt 0:03:06] The position is equal.} Nxc5 11. Ng3 b5 12. Be2 Bb7 13. O-O g6 14. Nd4 Rc8 15. Qd2 Qc7 16. Rac1 Ne4 17. Nxe4 dxe4 18. Nxc6 Qxc6 19. Rfd1 Rfd8 20. Qe1 Qc7 21. Rxd8+ Rxd8 22. Qf2 Rd7 23. h3 h5 24. Kh2 h4 25. c4 bxc4 26. Rxc4 Qd8 27. Bb6 Qb8 28. Rc2 Bd8 29. Ba7 $1 Qa8 30. b4 Bc6 {[%emt 0:03:11] [#] ...Ba4 would now be deadly.} 31. Bc5 (31. Bxa6 $2 {is the wrong capture.} Rxa7 32. Bc4 Rd7 $19) 31... Ba4 32. Rb2 Qc6 33. Qe3 Bc7 34. Rd2 Rxd2 35. Qxd2 Bb5 36. Bxb5 axb5 37. Qf2 Bd8 38. Qd4 {[%emt 0:00:21] Repels Qd7} (38. Kg1 $11) 38... Bc7 (38... Qd5 $15) 39. Qf2 (39. Be7 $11 {deserves consideration.}) 39... Bd8 $15 40. Qd4 Bc7 {[%emt 0:00:06] Weighted Error Value: White=0.06 (flawless) /Black=0.06 (flawless) .  Mistake:       	White=2     	Black=2      Inaccurate:     	White=1     	Black=1      OK:         	White=14    	Black=13     Best:        	---       	Black=1      Strong:       	White=1     	---} (40... Qd5 $15) 1/2-1/2

[Event "German Bundesliga 2024-25"]
[Site "Germany"]
[Date "2024.10.06"]
[Round "2.3"]
[White "Pechac, Jergus"]
[Black "Feuerstack, Aljoscha"]
[Result "1-0"]
[Annotator "TA"]
[ECO "B31"]
[WhiteElo "2582"]
[BlackElo "2466"]
[PlyCount "55"]
[EventDate "2024.09.27"]
[EventType "team-tourn"]
[EventCountry "GER"]
[SourceTitle "playchess.com"]
[Source "ChessBase"]
[SourceQuality "1"]
[WhiteTeam "TU Dresden"]
[BlackTeam "St. Pauli"]
[TimeControl "40/5400+30:1800+30"]

1. e4 c5 2. a4 e6 3. f4 Nf6 4. d3 Nc6 5. Nf3 d5 6. e5 Ng8 7. c3 h5 8. g3 {[%emt 0:04:12] The position is equal.} Nh6 9. Na3 Nf5 10. Bh3 d4 11. Nc4 b6 12. Ng5 Ba6 13. Qe2 Be7 14. Ne4 Bxc4 15. dxc4 Na5 16. O-O dxc3 {[%emt 0:04:51] [#]} (16... Qd7 $11) 17. bxc3 (17. Bxf5 $1 $16 {Strongly threatening Rd1.} Nb3 18. Nxc3 (18. Rd1 Nd4 $14)) 17... Nd4 $2 18. Qf2 $2 (18. cxd4 $18 Qxd4+ 19. Kh1 (19. Be3 Qxe4 20. Bg2 Qxc4 $15) 19... Qxa1 20. f5 Qxe5 21. Bb2) 18... Ndb3 $2 {[%emt 0:01:21][%mdl 8192] [#]} (18... Nf5 $1 $11) 19. f5 $1 $18 {[%emt 0:00:28][%cal Bf4f5,Bf5e6][%mdl 32] aiming for fxe6! White is clearly winning.} Nxc4 {[%emt 0:11:02] [#]} (19... Nxa1 20. fxe6 Qc7 21. Nd6+ (21. Qxf7+ Kd8 $18) (21. exf7+ Kf8 $18) 21... Kd8 22. Nb5 (22. exf7 Qd7 $18) (22. Qxf7 Nc6 $18) (22. Nxf7+ Kc8 $18)) (19... f6 20. fxe6) 20. fxe6 $1 Nxe5 {[%emt 0:00:09] [#]} 21. Bf4 $1 Nd3 (21... Nxa1 22. Bxe5) 22. Qf3 (22. exf7+ Kf8 23. Qf3 Nxf4 24. gxf4 Nxa1 $16) (22. Qa2 Nxf4 23. Qxb3 (23. Rxf4 Nxa1 24. Rxf7 Qd1+ 25. Bf1 Rf8 $11) 23... Nxh3+ $15) 22... Nxa1 23. Bd6 f6 24. Qxd3 {[%emt 0:06:34] Intending Nxf6+ and mate.} O-O 25. Bf5 (25. Rxa1 f5 26. Rd1 fxe4 27. Qxe4 (27. Qc4 Rf6 $15) 27... Bxd6 $11) 25... Bxd6 26. Nxd6 {[%emt 0:00:15][%cal Od3f3] White wants to mate with Qf3!} ({Weaker is} 26. Rxa1 Be5 27. Qf3 Qe8 $15) 26... g5 27. Rxa1 {[%emt 0:01:16] Black is weak on the light squares} (27. Bh7+ $142 Kh8 28. Be4 (28. Rxa1 Qe7 $18)) 27... Qe7 28. Nf7 {[%emt 0:00:12] Inhibits Rad8.   Weighted Error Value: White=0.62/Black=0.68.  Loses game:     	---       	Black=2      Missed win:     	White=1     	---        Mistake:       	White=1     	Black=1      Inaccurate:     	White=2     	Black=2      OK:         	White=4     	Black=4      Strong:       	White=1     	---} 1-0